 Dungeon Crawl Stone Soup version 0.24.1-8-ga250c9d538 (webtiles) character file.

Game seed: 4707808071181333477, levelgen mode: deterministic

108 Peloso the Skirmisher (level 4, -1/35 HPs)
             Began as a Demonspawn Fighter on May 1, 2020.
             Slain by Sigmund
             ... wielding a +0 scythe of flaming
              (4 damage)
             ... on level 3 of the Dungeon.
             The game lasted 00:05:29 (1872 turns).

Peloso the Skirmisher (Demonspawn Fighter)          Turns: 1872, Time: 00:05:32

Health: -1/35      AC:  7    Str: 15 (17) XL:     4   Next: 58%
Magic:  4/4        EV:  7    Int: 11 (14) God:
Gold:   139        SH:  8    Dex: 11 (13) Spells: 3/3 levels left

rFire    . . .     SeeInvis .   a - +0 long sword
rCold    . . .     Gourm    .   c - +0 shield
rNeg     . . .     Faith    .   b - +0 scale mail
rPois    .         Spirit   .   (no helmet)
rElec    .         Reflect  .   (no cloak)
rCorr    .         Harm     .   (no gloves)
MR       .....     Rnd*Tele +   h - +0 pair of boots
Stlth    ..........             (no amulet)
HPRegen  0.11/turn              i - ring of teleportation (curse)
MPRegen  0.09/turn              (no ring)

@: brilliant
A: rot immunity
a: no special abilities


You were on level 3 of the Dungeon.
You were not hungry.

You visited 1 branch of the dungeon, and saw 3 of its levels.

You collected 139 gold pieces.

Inventory:

Hand Weapons
 a - a +0 long sword (weapon)
Armour
 b - a +0 scale mail (worn)
 c - a +0 shield (worn)
 h - a +0 pair of boots (worn)
Jewellery
 i - a cursed ring of teleportation (left hand)
 p - an uncursed ring of protection from magic {unknown}
Wands
 m - a wand of paralysis (11)
Scrolls
 e - 6 scrolls of identify
 g - a scroll of magic mapping {unknown}
 n - 4 scrolls of immolation {unknown}
 o - 2 scrolls of enchant armour {unknown}
 r - a scroll of remove curse {unknown}
Potions
 d - a potion of might
 j - a potion of mutation
Comestibles
 f - 6 rations
 q - 7 chunks of flesh


   Skills:
 + Level 3.5 Fighting
 + Level 2.4 Long Blades
 + Level 3.1 Armour
 + Level 1.3 Dodging
 + Level 3.4 Shields


You had 3 spell levels left.
You didn't know any spells.
Your spell library was empty.

Dungeon Overview and Level Annotations

Branches:
Dungeon (3/15)

Altars:
Ru
Yredelemnul

Annotations:
D:3 Sigmund


Innate Abilities, Weirdness & Mutations

You are immune to rotting.


Message History

The weapon returns to the orc!
Found a tubular ruby ring.
It was a potion of degeneration.
There was something very wrong with that liquid.
You feel weakened.
You feel dopey.
You feel clumsy.
The orc throws a boomerang.
The boomerang barely misses you.
The weapon returns to the orc!
The orc hits you but does no damage.
The orc wizard hits you but does no damage.
You hear some strange, mumbled words.
A puff of flame appears from out of thin air!
The puff of flame hits you.
* * * LOW HITPOINT WARNING * * *
It was a potion of brilliance.
You feel clever all of a sudden.
You feel less confused.
The orc throws a boomerang.
You block the boomerang.
The weapon returns to the orc!
The orc barely misses you.
The orc wizard hits you but does no damage.
A goblin comes into view.
Something hits you.
You die...

#=.......
#........
#.#.^......
#.#..).....
#.#...w...g
#.#..o.....
#.#..{r....
#.#@.o.....
#####.#oo......
#.......)...$..
#.############.


You could see an orc wizard, a dart slug, 3 orcs, a goblin and a rat.

Vanquished Creatures
  An adder (D:2)
  3 gnolls (D:2)
  A worm (D:3)
  A dart slug (D:1)
  3 orcs (D:3)
  2 giant cockroaches
  6 goblins
  13 hobgoblins
  5 jackals
  3 kobolds (D:2)
  8 bats
  5 frilled lizards
  7 rats
  A spectral orc (D:2)
59 creatures vanquished.

Notes
Turn   | Place    | Note
-------+----------+-------------------------------------------
     0 | D:1      | Peloso the Demonspawn Fighter began the quest for the Orb.
     0 | D:1      | Reached XP level 1. HP: 18/18 MP: 1/1
    89 | D:1      | Gained mutation: You are immune to rotting. [demonic
                  | ancestry]
    89 | D:1      | Reached XP level 2. HP: 17/24 MP: 2/2
   378 | D:1      | Reached XP level 3. HP: 21/29 MP: 3/3
  1019 | D:2      | Reached skill level 1 in Dodging
  1022 | D:2      | Reached XP level 4. HP: 9/35 MP: 4/4
  1477 | D:2      | Found a sacrificial altar of Ru.
  1565 | D:2      | Found a basalt altar of Yredelemnul.
  1866 | D:3      | Noticed Sigmund
  1872 | D:3      | Slain by Sigmund

Levels and vault maps discovered:
D:1:      minmay_arrival_loop, layout_loops_cross, st_stairs_7
D:2:      layout_loops_cross, yredelemnul_forgotten_temple_becter, first_ration,
          nicolae_ru_sacrificial_ziggurat
D:3:      layout_basic, old_standard_altar, lemuel_doored_altar, uniq_sigmund

Skill      XL: |  1  2  3 |
---------------+----------+-----
Armour         | 3 |  3.1
Long Blades    | 2 |  2.4
Shields        | 3 |  3.4
Dodging        | 1 |  1.3
Fighting       | |  3.5

Action                   |  1- 3 |  4- 6 || total
-------------------------+-------+-------++-------
Melee: Long sword        |   152 |    76 ||   228
  Use: Scroll            |     3 |       ||     3
       Potion            |     1 |     2 ||     3
  Eat: Chunk             |       |     4 ||     4
Armor: Scale mail        |    84 |    41 ||   125
Dodge: Dodged            |    66 |    27 ||    93
Block: Shield            |   110 |    44 ||   154
       Rpst.: Long sword |    22 |    13 ||    35
